 Dungeon Crawl Stone Soup version 0.27-a0-1147-gb3d8e82157 (webtiles) character file.

Game seed: 1375350306086504466

18181 Froggeryz the Brawler (level 12, -19/159 HPs)
             Began as a Purple Draconian Berserker on May 11, 2021.
             Was a High Priest of Trog.
             Killed from afar by Jorgrun (40 damage)
             ... with an iron shot
             ... on level 12 of the Dungeon.
             The game lasted 00:17:52 (11526 turns).

Froggeryz the Brawler (Purple Draconian Berserker) Turns: 11526, Time: 00:17:52

Health: -19/159    AC: 19    Str: 24    XL:     12   Next: 25%
Magic:  12/12      EV: 13    Int:  8    God:    Trog [*****.]
Gold:   347        SH:  0    Dex: 14    Spells: 11/11 levels left

rFire    . . .     SeeInvis .     - Unarmed
rCold    . . .     Faith    .   (no shield)
rNeg     . . .     Spirit   .   (armour unavailable)
rPois    +         Reflect  .   h - +0 hat {Stlth+}
rElec    .         Harm     .   a - +2 cloak {Stlth+}
rCorr    .         Rampage  .   A - +2 pair of gloves {Str+3}
Will     +....                  y - +0 pair of boots
Stlth    ..........             t - amulet of regeneration
HPRegen  1.36/turn              b - +4 ring of protection
MPRegen  0.13/turn              x - ring of poison resistance

@: berserking, grasped by roots, constricted, studying Fighting, very quick
A: breathe power, AC +8, unfitting armour, cold-blooded
a: Breathe Dispelling Energy, Renounce Religion, Berserk, Trog's Hand, Brothers
in Arms


You were on level 12 of the Dungeon.
You worshipped Trog.
Trog was extremely pleased with you.
You visited 1 branch of the dungeon, and saw 12 of its levels.

You collected 1678 gold pieces.
You spent 1331 gold pieces at shops.

Inventory:

Missiles
 e - 2 curare-tipped darts
 r - 3 throwing nets (quivered)
 G - 6 javelins
Armour
 a - a +2 cloak of stealth (worn)
 h - a +0 hat of stealth (worn)
 q - a +0 kite shield
 y - a +0 pair of boots (worn)
 A - a +2 pair of gloves of strength (worn)
 F - the +3 hat of Pondering {ponderous, Will+ MP+10 Int+5}
   (You took it off Gastronok on level 10 of the Dungeon)

   It affects your intelligence (+5).
   It affects your magic capacity (+10).
   It increases your willpower.
 K - a +2 pair of gloves of archery
Jewellery
 b - a +4 ring of protection (left hand)
 j - the ring of the Castellan {rF+ rC- rN+ Will++ SInv}
   (You acquired it on level 5 of the Dungeon)

   [ring of protection from fire]

   It protects you from fire.
   It makes you vulnerable to cold.
   It protects you from negative energy.
   It lets you see invisible.
   It greatly increases your willpower.
 l - a ring of ice
 o - a ring of protection from fire
 t - an amulet of regeneration (around neck)
 u - a ring of protection from cold
 x - a ring of poison resistance (right hand)
 E - an amulet of the acrobat
Wands
 c - a wand of iceblast (20)
 f - a wand of charming (2)
Scrolls
 g - 5 scrolls of blinking
 m - a scroll of enchant armour
 n - a scroll of enchant weapon
 s - 2 scrolls of teleportation
 H - 3 scrolls of magic mapping
 J - 3 scrolls of identify
 L - a scroll of brand weapon
Potions
 d - 11 potions of curing
 i - 2 potions of berserk rage
 k - 2 potions of attraction
 p - 2 potions of heal wounds
 v - 3 potions of haste
 w - 4 potions of might
 z - 3 potions of mutation
 B - a potion of resistance
 C - 3 potions of ambrosia
 D - 2 potions of lignification
 I - a potion of invisibility


   Skills:
 * Level 9.7 Fighting
 - Level 9.0 Dodging
 + Level 15.8 Unarmed Combat


You had 11 spell levels left.
You didn't know any spells.
Your spell library was empty.

Dungeon Overview and Level Annotations

Branches:
Dungeon (12/15)            Temple (0/1) D:4            Lair (0/6) D:8
    Orc (0/2) D:12

Altars:
Cheibriados
Hepliaklqana
Okawaru
Trog

Shops:
D:9 *[!!

Annotations:
D:10 3 runed translucent doors
D:12 Jorgrun, Rupert


Innate Abilities, Weirdness & Mutations

You can breathe bolts of dispelling energy.
Your rich purple scales are hard. (AC +8)
You cannot fit into any form of body armour.
You are cold-blooded and may be slowed by cold attacks.


Message History

Jorgrun is almost dead.
Something hits you.
Unknown command.
You hit Jorgrun.
Your tail-slap misses Jorgrun.
Jorgrun is almost dead.
Something hits you.
Jorgrun hits you with a +0 vorpal quarterstaff.
You closely miss Jorgrun. Your punch misses Jorgrun.
Jorgrun is almost dead.
Something hits you but does no damage.
Jorgrun points at you and mumbles some strange words.
The iron shot hits you!!!
* * * LOW HITPOINT WARNING * * *
You are too injured to fight recklessly!
Unknown command.
You closely miss Jorgrun. You tail-slap Jorgrun.
Jorgrun is almost dead.
Something hits you!
* * * LOW HITPOINT WARNING * * *
Unknown command.
You feel much better. Something hits you but does no damage.
Jorgrun points at you and mumbles some strange words.
Roots burst forth from the earth!
The grasping roots grab you!
* * * LOW HITPOINT WARNING * * *
The grasping roots constrict you. Something hits you but does no damage.
A red film seems to cover your vision as you go berserk!
You feel yourself moving faster!
You feel mighty! Something hits you.
* * * LOW HITPOINT WARNING * * *
Jorgrun casts a spell at you. The iron shot hits you!
* * * LOW HITPOINT WARNING * * *
x2 The grasping roots constrict you.
Something hits you!
* * * LOW HITPOINT WARNING * * *
You closely miss Jorgrun.
Jorgrun is almost dead.
Jorgrun says, "Yer just na down-ta-earth enough."
Jorgrun casts a spell at you. The iron shot hits you!!!
You die...

#...##.####..# #§≈≈≈.
#.####.# #.## ##≈≈..
#.# ... #.## ##... #.#
.#.# #..#####...≈ #.#.
...####....(.≈≈
#.#.### #.......≈≈≈≈≈#
#.# ..# ..##...≈≈#####
#!# #g#.# #...≈≈#####
#.###@..####....≈≈≈≈≈#
#.........####......≈≈
#########.# #####...≈
# ##... ##§≈.. #§≈≈≈.
≈≈≈≈# §≈§≈≈## ≈§§§##


You could see Jorgrun.

Vanquished Creatures
  Gastronok (D:10)
  A hydra (D:11)
  Harold (D:7)
  3 two-headed ogres
  Urug (D:10)
  An ugly thing (D:12)
  2 cyclopes
  Maurice (D:9)
  Joseph (D:8)
  4 kobold demonologists
  A komodo dragon (D:11)
  A troll (D:12)
  Prince Ribbit (D:6)
  2 hornets
  2 shadows
  A wraith (D:10)
  A wyvern (D:10)
  A steam dragon (D:10)
  14 yaks
  9 vampire mosquitoes
  5 acid dragons
  2 water moccasins (D:7)
  2 orc warriors
  3 ice beasts
  A necrophage (D:6)
  2 ogres
  6 centaurs
  A phantom (D:5)
  2 kobold brigands
  3 bullfrogs
  4 gnoll sergeants
  2 scorpions
  A water moccasin skeleton (D:7)
  6 killer bees (D:8)
  5 centaur zombies
  2 jellies (D:6)
  Crazy Yiuf (D:4)
  6 hounds
  5 orc priests
  2 bullfrog skeletons
  An orc wizard (D:10)
  Natasha (thrice) (D:2)
  3 iguanas
  A hound skeleton (D:4)
  3 howler monkey zombies
  20 gnolls
  8 adders
  A white imp (D:6)
  An adder skeleton (D:4)
  A worm (D:3)
  A dart slug (D:2)
  36 orcs
  7 bats
  7 endoplasms
  2 giant cockroaches
  4 goblins
  5 hobgoblins
  21 jackals
  18 kobolds
  4 quokkas
  8 ball pythons
  A frilled lizard (D:1)
  5 rats
271 creatures vanquished.

Vanquished Creatures (others)
  3 yaks (D:9)
  8 fungi (D:4)
  4 plants (D:11)
15 creatures vanquished.

Grand Total: 286 creatures vanquished

Notes
Turn   | Place    | Note
-------+----------+-------------------------------------------
     0 | D:1      | Froggeryz the Draconian Berserker began the quest for the
                  | Orb.
     0 | D:1      | Reached XP level 1. HP: 19/19 MP: 1/1
   369 | D:1      | Reached XP level 2. HP: 26/26 MP: 2/2
   387 | D:1      | Found a faded altar of an unknown god.
   945 | D:1      | Reached skill level 4 in Unarmed Combat
  1044 | D:2      | Noticed Natasha
  1056 | D:2      | Killed Natasha
  1057 | D:2      | Reached XP level 3. HP: 24/31 MP: 3/3
  1143 | D:2      | Found an iron altar of Okawaru.
  1212 | D:2      | Reached ** piety under Trog
  1218 | D:2      | Reached XP level 4. HP: 38/38 MP: 4/4
  1300 | D:2      | Reached skill level 5 in Unarmed Combat
  1561 | D:2      | Noticed Natasha
  1627 | D:2      | Killed Natasha
  1667 | D:2      | Noticed Natasha
  1674 | D:2      | Killed Natasha
  1675 | D:2      | Reached XP level 5. HP: 33/45 MP: 5/5
  2051 | D:3      | Reached skill level 6 in Unarmed Combat
  2438 | D:3      | Reached *** piety under Trog
  2549 | D:3      | Reached XP level 6. HP: 41/51 MP: 6/6
  3032 | D:4      | Noticed an ice beast
  3041 | D:4      | Killed an ice beast
  3042 | D:4      | Reached skill level 7 in Unarmed Combat
  3267 | D:4      | Found a runed translucent door.
  3268 | D:4      | Noticed Crazy Yiuf
  3643 | D:4      | Reached skill level 8 in Unarmed Combat
  3879 | D:4      | Your scales start taking on a rich purple colour.
  3879 | D:4      | Reached XP level 7. HP: 52/57 MP: 7/7
  4036 | D:4      | Found a staircase to the Ecumenical Temple.
  4127 | D:4      | Killed Crazy Yiuf
  4211 | D:5      | Entered Level 5 of the Dungeon
  4231 | D:5      | Reached **** piety under Trog
  4409 | D:5      | Reached skill level 9 in Unarmed Combat
  4571 | D:5      | Identified a scroll of acquirement
  4571 | D:5      | Acquired the ring of the Castellan {rF+ rC- rN+ Will++
                  | SInv}
  5064 | D:5      | Reached XP level 8. HP: 63/63 MP: 8/8
  5316 | D:6      | Found a bloodstained altar of Trog.
  5380 | D:6      | Noticed Prince Ribbit
  5396 | D:6      | Killed Prince Ribbit
  5397 | D:6      | Reached skill level 10 in Unarmed Combat
  5771 | D:6      | Found a glowing drain.
  5975 | D:7      | Noticed Harold
  5984 | D:7      | Killed Harold
  5985 | D:7      | Reached skill level 5 in Dodging
  5985 | D:7      | Reached skill level 11 in Unarmed Combat
  5985 | D:7      | Reached XP level 9. HP: 70/70 MP: 9/9
  6126 | D:7      | Acquired 690 gold pieces
  6128 | D:7      | Acquired 301 gold pieces
  6378 | D:7      | Identified the +0 chain mail of the Onion {*Corrode rElec
                  | Regen+ Str+4}
  6813 | D:7      | Reached skill level 12 in Unarmed Combat
  7383 | D:8      | Found a staircase to the Lair.
  7676 | D:8      | Noticed Joseph
  7692 | D:8      | Killed Joseph
  7724 | D:8      | Reached XP level 10. HP: 58/77 MP: 10/10
  7907 | D:9      | Noticed Maurice
  8055 | D:9      | Killed Maurice
  8055 | D:9      | Reached ***** piety under Trog
  8056 | D:9      | Reached skill level 13 in Unarmed Combat
  8106 | D:9      | Found Measowiw's Assorted Antiques.
  8114 | D:9      | Bought a scroll labelled ISEXTIARIU for 28 gold pieces
  8161 | D:9      | Found Jas Seff's Antique Armour Shoppe.
  8177 | D:9      | Bought an embroidered hat for 154 gold pieces
  8219 | D:9      | Found Zumugew's Distillery.
  8230 | D:9      | Bought a potion of heal wounds for 65 gold pieces
  8230 | D:9      | Bought a potion of might for 52 gold pieces
  8230 | D:9      | Bought a potion of might for 52 gold pieces
  8230 | D:9      | Bought a potion of might for 52 gold pieces
  8230 | D:9      | Bought 2 potions of mutation for 208 gold pieces
  8230 | D:9      | Bought a potion of resistance for 130 gold pieces
  8230 | D:9      | Bought a potion of ambrosia for 104 gold pieces
  8230 | D:9      | Bought 2 potions of lignification for 78 gold pieces
  8230 | D:9      | Bought a potion of haste for 130 gold pieces
  8230 | D:9      | Bought a potion of curing for 39 gold pieces
  8230 | D:9      | Bought a potion of curing for 39 gold pieces
  8373 | D:9      | Found Tedic's Distillery.
  8376 | D:9      | Bought a potion of might for 40 gold pieces
  8376 | D:9      | Bought a potion of heal wounds for 50 gold pieces
  8376 | D:9      | Bought a potion of curing for 30 gold pieces
  8376 | D:9      | Bought a potion of mutation for 80 gold pieces
  8558 | D:10     | Entered Level 10 of the Dungeon
  8620 | D:10     | Received a gift from Trog
  8680 | D:10     | Noticed Gastronok
  8700 | D:10     | Killed Gastronok
  8701 | D:10     | Reached skill level 14 in Unarmed Combat
  8701 | D:10     | Reached XP level 11. HP: 82/82 MP: 11/11
  8727 | D:10     | Noticed Urug
  8747 | D:10     | Killed Urug
  9121 | D:10     | Found a runed translucent gate.
  9122 | D:10     | Found a runed translucent gate.
  9123 | D:10     | Found a runed translucent gate.
  9475 | D:10     | Noticed a two-headed ogre
  9494 | D:10     | Found a snail-covered altar of Cheibriados.
  9494 | D:10     | Noticed a two-headed ogre
  9500 | D:10     | Killed a two-headed ogre
  9701 | D:10     | Killed a two-headed ogre
  9702 | D:10     | Reached skill level 15 in Unarmed Combat
  9722 | D:10     | Noticed a green ugly thing
  9722 | D:10     | Noticed a brown ugly thing
  9725 | D:10     | Noticed a green ugly thing
  9726 | D:10     | Noticed a red ugly thing
 10061 | D:10     | Acquired a +2 pair of gloves of archery
 10194 | D:11     | Reached skill level 5 in Fighting
 10397 | D:11     | Found a hazy altar of Hepliaklqana.
 10401 | D:11     | Noticed a seven-headed hydra
 10411 | D:11     | Killed a seven-headed hydra
 10793 | D:12     | Reached XP level 12. HP: 100/100 MP: 12/12
 11005 | D:12     | Noticed Rupert
 11189 | D:12     | Found a staircase to the Orcish Mines.
 11353 | D:12     | Acquired a manual of Fighting
 11449 | D:12     | Noticed a two-headed ogre
 11455 | D:12     | Killed a two-headed ogre
 11508 | D:12     | Noticed Jorgrun
 11526 | D:12     | Killed from afar by Jorgrun

Illustrated notes

Levels and vault maps discovered:
D:1:      wander_arrival_desolate, layout_loops_cross,
          hellmonk_ecumenical_altar_heavens_door, minmay_misc_feat_tower
D:2:      layout_rooms, basic_altar, grunt_decor_arrowhead,
          minmay_crystal_water, minmay_small_reverse_x, uniq_natasha
D:3:      layout_loops_ring, chequers_serial_rivers_small_a
D:4:      layout_loops_ring, minmay_temple_entry_fiery, serial_aquarium,
          aquarium_bridge_straight [aquarium_subvault_bridge,
          aquarium_subvault_wall, aquarium_subvault_bridge,
          aquarium_subvault_window], aquarium_window_1, aquarium_window_1,
          aquarium_window_2, aquarium_view_2b, aquarium_view_2c,
          minmay_misc_feat_rugged, uniq_crazy_yiuf_cottage
D:5:      layout_rooms
D:6:      layout_loops_cross, overflow_temple_1_default, portal_sewer_entry_d,
          uniq_prince_ribbit1
D:7:      layout_basic, uniq_harold
D:8:      layout_loops_cross, lair_entry_dummy, uniq_joseph
D:9:      layout_big_octagon, serial_shops, shop, shop, shop,
          kennysheep_mini_moat, uniq_maurice
D:10:     layout_layer_cave, marbit_many_paths,
          ploomutoo_gammafunk_ghost_potion_laboratory, uniq_urug, uniq_gastronok
D:11:     layout_cave_pools, nicolae_hepliaklqana_hazy_memory
D:12:     minmay_weird_star, layout_loops_ring, david_orc_2, uniq_rupert,
          uniq_jorgrun

Skill      XL: |  1  2  3  4  5  6  7  8  9 10 11 12 |
---------------+-------------------------------------+-----
Unarmed Combat | 4 5 6 8 9 11 12 14 15 | 15.8
Dodging        | 3 5 6 8 9 |  9.0
Fighting       | 7 9 |  9.7

Action                   |  1- 3 |  4- 6 |  7- 9 | 10-12 || total
-------------------------+-------+-------+-------+-------++-------
Melee: Unarmed           |    79 |   225 |   303 |   416 ||  1023
       Tailslap          |    10 |    23 |    50 |    63 ||   146
       Punch             |     1 |     8 |    17 |    35 ||    61
Throw: Throwing net      |       |       |       |     1 ||     1
Invok: Berserk           |       |     1 |     5 |     8 ||    14
       Trog's Hand       |       |       |       |     1 ||     1
 Abil: Breathe Dispellin |       |       |     2 |       ||     2
Evoke: Wand              |       |       |     2 |     9 ||    11
  Use: Scroll            |       |     1 |    14 |     6 ||    21
       Potion            |       |       |       |     1 ||     1
 Stab: Sleeping          |     1 |     2 |     2 |    10 ||    15
       Held in net/web   |       |       |       |     1 ||     1
Armor: Skin              |    20 |    98 |   107 |   180 ||   405
Dodge: Dodged            |    36 |   133 |   176 |   321 ||   666

Table legend: (Time is in decaauts)
 A = Elapsed time spent in this place.
 B = Non-inter-level travel time spent in this place.
 C = Inter-level travel time spent in this place.
 D = Time resting spent in this place.
 E = Time spent auto-exploring this place.
 F = Levels seen in this place.
 G = Mean time per level.
                   A        B        C        D        E       F      G
               +--------+--------+--------+--------+--------+-----+--------+
         Total |  11464 |  11091 |    373 |    703 |   8348 |  12 |  955.3 |
       Dungeon |  11464 |  11091 |    373 |    703 |   8348 |  12 |  955.3 |
               +--------+--------+--------+--------+--------+-----+--------+

Top non-repeatable levels by time:
    D:10: 1559 daAuts
     D:4: 1425 daAuts
     D:7: 1282 daAuts
     D:1: 1044 daAuts
     D:3: 1010 daAuts
     D:2: 956 daAuts
     D:8: 813 daAuts
     D:6: 747 daAuts
    D:12: 712 daAuts
     D:5: 690 daAuts
    D:11: 676 daAuts
     D:9: 544 daAuts
